 Dungeon Crawl Stone Soup version 0.26-a0-1132-ge9770dfcb6 (webtiles) character file.

Game seed: 16882224135426786514

1171 Froggeryz the Basher (level 8, -6/46 HPs)
             Began as a Tengu Berserker on Dec 20, 2020.
             Was a Priest of Trog.
             Collided with a rock wall (8 damage)
             ... caused by Erolcha
             ... on level 9 of the Dungeon.
             The game lasted 00:08:37 (6575 turns).

Froggeryz the Basher (Tengu Berserker)              Turns: 6575, Time: 00:08:37

Health: -6/46      AC:  6    Str: 20    XL:     8   Next: 41%
Magic:  9/9        EV: 10    Int:  7    God:    Trog [***...]
Gold:   265        SH:  5    Dex: 14    Spells: 7/7 levels left

rFire    + . .     SeeInvis +   e - +0 flail
rCold    . . .     Faith    .   v - +0 buckler
rNeg     . . .     Spirit   .   c - +0 scale mail
rPois    .         Reflect  .   g - +0 hat
rElec    .         Harm     .   (no cloak)
rCorr    .         Rampage  .   (no gloves)
Will     ++...                  (boots unavailable)
Stlth    ..........             (no amulet)
HPRegen  1.15/turn              a - ring of protection from fire
MPRegen  0.11/turn              f - ring of see invisible

@: berserk cooldown, regenerating, slowed, very slow
A: beak, talons 3, able to fly
a: Fly, Renounce Religion, Berserk, Trog's Hand


You were on level 9 of the Dungeon.
You worshipped Trog.
Trog was most pleased with you.
You visited 2 branches of the dungeon, and saw 8 of its levels.

You collected 265 gold pieces.

Inventory:

Hand Weapons
 e - a +0 flail (weapon)
 s - a +0 morningstar
Armour
 c - a +0 scale mail (worn)
 g - a +0 hat (worn)
 u - a +2 kite shield
 v - a +0 buckler (worn)
Jewellery
 a - a ring of protection from fire (left hand)
 f - a ring of see invisible (right hand)
Wands
 j - a wand of flame (12)
 p - a wand of digging (5)
 x - a wand of paralysis (9)
Scrolls
 d - 2 scrolls of teleportation {unknown}
 i - a scroll of fog {unknown}
 k - 3 scrolls of remove curse {unknown}
 n - 2 scrolls of identify {unknown}
 o - a scroll of amnesia {unknown}
 q - a scroll of blinking {unknown}
Potions
 b - a potion of cancellation {unknown}
 h - a potion of resistance {unknown}
 l - a potion of mutation {unknown}
 m - a potion of attraction {unknown}
 r - a potion of brilliance {unknown}
 t - a potion of curing
 w - a potion of ambrosia {unknown}


   Skills:
 - Level 3.2 Fighting
 * Level 9.4 Maces & Flails
 - Level 3.0 Armour
 - Level 2.1 Dodging
 + Level 4.7 Shields


You had 7 spell levels left.
You didn't know any spells.
Your spell library was empty.

Dungeon Overview and Level Annotations

Branches:
Dungeon (6/15)             Temple (1/1) D:5

Altars:
Ashenzari
Dithmenos
Elyvilon
Fedhas
Gozag
Hepliaklqana
Kikubaaqudgha
Makhleb
Nemelex Xobeh
Okawaru
Qazlal
Ru
Sif Muna
Trog
Uskayaw
Vehumet
Wu Jian
Xom
Yredelemnul
Zin
The Shining One
Lugonu

Annotations:
D:6 1 runed translucent door, Crazy Yiuf
D:9 Erolcha


Innate Abilities, Weirdness & Mutations

You have a beak for a mouth.
You have claws for feet.
You can fly continuously.


Message History

Okay, then.
Unknown command.
Unknown command.
It was a potion of curing.
You feel better. You block Erolcha's attack.
The centaur zombie hits you but does no damage.
The centaur zombie hits you. Erolcha barely misses you.
You completely miss the centaur zombie. You claw the centaur zombie!
The centaur zombie is severely damaged.
The centaur zombie hits you.
You hit Erolcha. Your peck misses Erolcha.
Erolcha is lightly wounded.
The centaur zombie hits you.
Erolcha gestures wildly while chanting.
Erolcha blinks!
The centaur zombie hits you. Erolcha casts a spell at you.
The lance of force hits you!!
* * * LOW HITPOINT WARNING * * *
You are knocked back by the lance of force.
You slam into the rock wall!
You die...

.#### ###
.....##..
..(.O...#
../..#)ยง##
.....#..@# .
#...##Z#
...#......#
#./$##.#.5######
#......#).......
##.#Z..##.#####
.. #...(..# #
###.#..# ..#...#


You could see Erolcha, a shadow imp and a centaur zombie.

Vanquished Creatures
  Grinder (D:4)
  A water moccasin (D:5)
  A sky beast (D:6)
  An ogre (D:9)
  A gnoll sergeant (D:4)
  2 hounds
  5 orc priests
  An iguana (D:5)
  2 orc wizards (D:4)
  A worker ant (D:6)
  Robin (D:2)
  10 adders
  7 gnolls
  A shadow imp (D:5)
  2 ufetubi
  2 oozes
  6 worms
  5 dart slugs
  2 leopard geckos
  14 orcs
  8 bats
  7 giant cockroaches
  17 goblins
  6 hobgoblins
  4 jackals (D:2)
  3 quokkas
  2 frilled lizards (D:1)
  A giant cockroach zombie (D:3)
  A jackal skeleton (D:4)
  8 kobolds
  A leopard gecko skeleton (D:6)
  9 rats
133 creatures vanquished.

Vanquished Creatures (others)
  A worker ant (D:9)
  An orc (D:9)
2 creatures vanquished.

Grand Total: 135 creatures vanquished

Notes
Turn   | Place    | Note
-------+----------+-------------------------------------------
     0 | D:1      | Froggeryz the Tengu Berserker began the quest for the Orb.
     0 | D:1      | Reached XP level 1. HP: 14/14 MP: 2/2
   319 | D:1      | Reached XP level 2. HP: 18/19 MP: 3/3
   322 | D:1      | Reached skill level 4 in Maces & Flails
   934 | D:2      | Reached XP level 3. HP: 23/23 MP: 4/4
  1181 | D:1      | Reached ** piety under Trog
  1313 | D:2      | Reached skill level 5 in Maces & Flails
  1313 | D:2      | Reached XP level 4. HP: 10/28 MP: 5/5
  1791 | D:2      | Noticed Robin
  1809 | D:2      | Killed Robin
  2057 | D:2      | Gained mutation: You can fly continuously. [Tengu growth]
  2057 | D:2      | Reached XP level 5. HP: 32/32 MP: 6/6
  2748 | D:3      | Found a white marble altar of Elyvilon.
  2748 | D:3      | Found an iron altar of Okawaru.
  2755 | D:3      | Found a basalt altar of Yredelemnul.
  2964 | D:3      | Reached skill level 1 in Shields
  3005 | D:3      | Reached *** piety under Trog
  3274 | D:4      | Reached skill level 6 in Maces & Flails
  3391 | D:4      | Found a shadowy altar of Dithmenos.
  3394 | D:4      | Found a radiant altar of Vehumet.
  3400 | D:4      | Found a shimmering blue altar of Sif Muna.
  3413 | D:4      | Found an ancient bone altar of Kikubaaqudgha.
  3417 | D:4      | Found an opulent altar of Gozag.
  3622 | D:4      | Reached XP level 6. HP: 23/37 MP: 7/7
  4430 | D:4      | Noticed Grinder
  4430 | D:4      | Found a stormy altar of Qazlal.
  4441 | D:4      | Killed Grinder
  4442 | D:4      | Reached skill level 7 in Maces & Flails
  4442 | D:4      | Reached XP level 7. HP: 41/41 MP: 8/8
  4719 | D:4      | Found a shimmering altar of Xom.
  4749 | D:5      | Entered Level 5 of the Dungeon
  4880 | D:5      | Reached skill level 8 in Maces & Flails
  5708 | D:5      | Reached XP level 8. HP: 46/46 MP: 9/9
  5772 | D:5      | Found a staircase to the Ecumenical Temple.
  5779 | Temple   | Entered the Ecumenical Temple
  5955 | D:5      | Found a broken altar of Ashenzari.
  5955 | D:5      | Found a glowing golden altar of the Shining One.
  6240 | D:6      | Reached skill level 9 in Maces & Flails
  6398 | D:6      | Found a runed translucent door.
  6399 | D:6      | Noticed Crazy Yiuf
  6442 | D:6      | Found a blossoming altar of Fedhas.
  6491 | D:6      | Found a sacrificial altar of Ru.
  6500 | D:6      | Reached **** piety under Trog
  6544 | D:6      | You fall into a shaft and drop 3 floors!
  6570 | D:9      | Noticed Erolcha
  6575 | D:9      | HP: 2/46 [Erolcha/lance of force (19)]
  6575 | D:9      | Collided with a rock wall

Illustrated notes

Levels and vault maps discovered:
D:1:      co_arrival_random_square_maze, layout_basic
D:2:      layout_basic, minmay_pentomino_x2, uniq_robin
D:3:      layout_rooms, grunt_temple_overflow_open
D:4:      layout_basic, minmay_overflow_temple_star_hex, kennysheep_mini,
          nicolae_qazlal_general_emergency, uniq_grinder
D:5:      layout_rooms, gammafunk_temple_overflow_wave,
          minmay_temple_entry_proselytizer
D:6:      minmay_diamond_boxcup, layout_loops_cross,
          nicolae_ru_great_annihilating_truth, st_stairs_4, fedhas_altar_1,
          uniq_eustachio, uniq_crazy_yiuf_cottage
D:9:      layout_rooms, david_orc_4, serial_shops, nicolae_shop_window_shopping,
          hangedman_decor_points, uniq_erolcha
Temple:   corrupted_temple

Skill      XL: |  1  2  3  4  5  6  7  8 |
---------------+-------------------------+-----
Maces & Flails | 4 5 6 7 8 9 |  9.4
Armour         | 3 |  3.0
Shields        | 1 3 4 |  4.7
Fighting       | |  3.2
Dodging        | |  2.1

Action                   |  1- 3 |  4- 6 |  7- 9 || total
-------------------------+-------+-------+-------++-------
Melee: Mace              |    55 |       |       ||    55
       Kick              |    11 |    47 |    30 ||    88
       Peck              |     8 |    25 |    19 ||    52
       Flail             |       |   156 |   104 ||   260
Invok: Berserk           |       |     3 |     3 ||     6
       Trog's Hand       |       |     2 |     1 ||     3
  Use: Potion            |       |       |     1 ||     1
 Stab: Paralysed         |       |       |     1 ||     1
Armor: Scale mail        |    21 |    72 |    37 ||   130
Dodge: Dodged            |    35 |   110 |    42 ||   187
Block: Kite shield       |       |       |    17 ||    17
       Buckler           |       |       |    17 ||    17

Table legend: (Time is in decaauts)
 A = Elapsed time spent in this place.
 B = Non-inter-level travel time spent in this place.
 C = Inter-level travel time spent in this place.
 D = Time resting spent in this place.
 E = Time spent auto-exploring this place.
 F = Levels seen in this place.
 G = Mean time per level.
                   A        B        C        D        E       F      G
               +--------+--------+--------+--------+--------+-----+--------+
         Total |   6653 |   6474 |    179 |   1837 |   3729 |   8 |  831.6 |
       Dungeon |   6487 |   6322 |    165 |   1837 |   3579 |   7 |  926.7 |
        Temple |    166 |    152 |     14 |      0 |    150 |   1 |  166.0 |
               +--------+--------+--------+--------+--------+-----+--------+

Top non-repeatable levels by time:
     D:4: 2101 daAuts
     D:2: 1605 daAuts
     D:1: 1075 daAuts
     D:5: 694 daAuts
     D:3: 614 daAuts
     D:6: 362 daAuts
  Temple: 166 daAuts
     D:9: 34 daAuts
